 Dungeon Crawl Stone Soup version 0.28.0-43-g3370ac3207 (webtiles) character file.

Game seed: 11618958556437366350

2799 CryoSword the Skirmisher (level 9, -11/66 (71) HPs)
             Began as a Demonspawn Venom Mage on Mar 28, 2022.
             Was a Believer of Dithmenos.
             Mangled by Joseph
             ... wielding a +0 quarterstaff
              (12 damage)
             ... on level 7 of the Dungeon.
             The game lasted 00:28:13 (12697 turns).

CryoSword the Skirmisher (Demonspawn Venom Mage)   Turns: 12697, Time: 00:28:13

HP:   -11/66 (71)   AC:  8    Str: 13    XL:     9   Next: 43%
MP:   2/13          EV: 11    Int: 17    God:    Dithmenos [**....]
Gold: 108           SH:  0    Dex: 13    Spells: 4/14 levels left

rFire   . . .      SeeInvis .   w - +0 trident
rCold   + . .      Faith    .   (no shield)
rNeg    . . .      Spirit   .   E - +0 ring mail
rPois   .          Reflect  .   (helmet restricted)
rElec   .          Harm     .   (no cloak)
rCorr   .          Rampage  .   (no gloves)
Will    .....                   g - +2 pair of boots
Stlth   ++........              (no amulet)
HPRegen 0.21/turn               y - ring of wizardry
MPRegen 0.13/turn               p - ring of protection from cold

@: wreathed by umbra, drained
A: antennae 1, hooves 2, powered by pain 2, demonic touch 2
a: Renounce Religion, Shadow Step


You were on level 7 of the Dungeon.
You worshipped Dithmenos.
Dithmenos was pleased with you.
You visited 1 branch of the dungeon, and saw 7 of its levels.

You collected 401 gold pieces.
You spent 293 gold pieces at shops.

Inventory:

Hand Weapons
 a - a +1 spear
   (You took it off a wight on level 7 of the Dungeon)
 w - a +0 trident (weapon)
   (You took it off an orc on level 5 of the Dungeon)
Missiles
 d - 6 atropa-tipped darts (quivered)
 i - 11 poisoned darts
 A - 4 boomerangs
 B - a throwing net
Armour
 g - a +2 pair of boots (worn)
   (You found it on level 4 of the Dungeon)
 E - a +0 ring mail (worn)
   (You took it off an orc on level 5 of the Dungeon)
Jewellery
 p - a ring of protection from cold (right hand)
   (You found it on level 5 of the Dungeon)
 y - a ring of wizardry (left hand)
   (You found it on level 5 of the Dungeon)
Scrolls
 b - a scroll of magic mapping {unknown}
 c - a scroll of fear {unknown}
 e - a scroll of holy word {unknown}
 f - 2 scrolls of teleportation {@r4}
 h - a scroll of amnesia {unknown}
 k - 2 scrolls of torment {unknown}
 m - 2 scrolls of enchant weapon
 o - 2 scrolls of enchant armour {unknown}
 q - a scroll of vulnerability {unknown}
 r - a scroll of brand weapon {unknown}
 u - a scroll of summoning {unknown}
 v - a scroll of fog
 x - 2 scrolls of blinking
 D - a scroll of immolation {unknown}
 G - a scroll of acquirement {unknown}
Potions
 j - 3 potions of brilliance {unknown}
 l - 3 potions of might {unknown}
 n - 2 potions of attraction {!q}
 s - a potion of heal wounds {@q2}
 t - 2 potions of haste {@q3}
 z - a potion of lignification {unknown}
 C - 2 potions of degeneration {unknown}
 F - a potion of flight {unknown}


   Skills:
 * Level 6.8 Fighting
 * Level 2.9 Polearms
 - Level 3.4 Dodging
 + Level 4.7 Stealth
 - Level 3.0 Spellcasting
 - Level 3.0 Conjurations
 - Level 3.0 Transmutations
 - Level 3.0 Air Magic
 + Level 6.7 Poison Magic


You had 4 spell levels left.
You knew the following spells:

 Your Spells              Type           Power      Damage    Failure   Level
a - Sting                 Tmut/Pois      76%        1d6       2%          1
b - Poisonous Vapours     Pois/Air       38%        N/A       3%          2
c - Olgreb's Toxic Radia  Pois           25%        N/A       10%         4
C - Mephitic Cloud        Conj/Pois/Air  17%        N/A       9%          3

Your spell library contained the following spells:

 Spells                   Type           Power      Damage    Failure   Level
 Freeze                   Ice            8%         1d3       16%         1
 Pain                     Necr           8%         1d4       16%         1
 Dazzling Flash           Conj/Hex       14%        N/A       24%         3
 Frozen Ramparts          Ice            4%         1d2       41%         3
 Animate Armour           Summ/Erth      4%         N/A       80%         4
 Silence                  Hex/Air        3%         N/A       89%         5
 Agony                    Necr           2%         N/A       98%         5
 Excruciating Wounds      Necr           1%         N/A       98%         5
 Metabolic Englaciation   Hex/Ice        1%         N/A       98%         5


Dungeon Overview and Level Annotations

Branches:
Dungeon (7/15)             Temple (0/1) D:4

Altars:
Ashenzari
Dithmenos
Gozag
Kikubaaqudgha
Sif Muna
Vehumet
Xom
Zin
The Shining One

Shops:
D:1 (   D:4 ?   D:7 *

Annotations:
D:7 Joseph


Innate Abilities, Weirdness & Mutations

You have a pair of small antennae on your head.
You have hoof-like feet.
You sometimes gain power by taking damage.
Your touch may inflict irresistible damage on your foes.


Message History

Aim: a phantom (moderately damaged, umbra, about 44% to evade your +1 spear)
You miss the phantom. The phantom hits you.
The phantom blinks!
You blink.
Reach: a) +1 spear
Aim: a phantom (moderately damaged, umbra, about 44% to evade your +1 spear)
You puncture the phantom!
The phantom hits you but does no damage.
Reach: a) +1 spear
Aim: a phantom (heavily damaged, umbra, about 44% to evade your +1 spear)
You hit the phantom.
The phantom hits you but does no damage.
Reach: a) +1 spear
Aim: a phantom (severely damaged, umbra, about 44% to evade your +1 spear)
You hit the phantom but do no damage. The phantom hits you.
Reach: a) +1 spear
Aim: a phantom (severely damaged, umbra, about 44% to evade your +1 spear)
You barely miss the phantom. Your touch misses the phantom.
The phantom closely misses you.
Reach: a) +1 spear
Aim: a phantom (severely damaged, umbra, about 44% to evade your +1 spear)
You completely miss the phantom.
You touch the phantom!
The phantom hits you.
Here: a phantom (almost destroyed, umbra)
The floor.
Unknown command.
Reach: a) +1 spear
Aim: a phantom (almost destroyed, umbra, about 44% to evade your +1 spear)
You miss the phantom.
The phantom hits you but does no damage.
Reach: a) +1 spear
Aim: a phantom (almost destroyed, umbra, about 44% to evade your +1 spear)
You hit the phantom but do no damage.
The phantom hits you but does no damage.
Reach: a) +1 spear
Aim: a phantom (almost destroyed, umbra, about 44% to evade your +1 spear)
You puncture the phantom!
You destroy the phantom!
Dithmenos accepts your kill.
w - a +0 trident (weapon)
A yak is nearby!
A yak is nearby!
A yak is nearby!
You are too injured to fight recklessly!
Unknown command.
A rock wall.
Unknown command.
Aim: a yak (wandering, hasn't noticed you) Poisonous vapours surround the yak!
The yak is poisoned.
The yak bellows!
Aim: a yak (lightly wounded, poisoned) Poisonous vapours surround the yak!
The yak looks even sicker.
Okay, then.
Joseph drinks a potion.
Joseph suddenly seems more resistant.
Joseph unwields a +0 quarterstaff.
Joseph wields a +0 hunting sling.
Joseph shoots a sling bullet.
The sling bullet hits you!
* * * LOW HITPOINT WARNING * * *
Joseph shoots a sling bullet.
The sling bullet hits you but does no damage.
The yak looks more healthy.
Things that are here:
a +0 chain mail; a +0 club Joseph shoots a sling bullet.
The sling bullet hits you!!
* * * LOW HITPOINT WARNING * * *
There is a stone staircase leading up, spattered with blood here.
You climb upwards.
There is a stone staircase leading down here.
You start resting.
You climb downwards.
Level annotation: Joseph The yak gores you.
There is a stone staircase leading up, spattered with blood here.
You hit the yak.
You touch the yak.
The yak closely misses you.
You begin to radiate toxic energy.
The yak is poisoned.
The yak gores you but does no damage.
Your toxic radiance grows in intensity.
Joseph is poisoned.
The yak gores you!
Joseph screams, "You must be punished!"
Joseph shoots a sling bullet.
The sling bullet barely misses you.
Your toxic aura wanes.
You begin to radiate toxic energy.
The yak looks even sicker.
The yak gores you.
You don't have enough magic to cast this spell.
You hit the yak.
You touch the yak.
Your toxic aura wanes.
Joseph looks more healthy.
The yak gores you but does no damage.
Reach: w) +0 trident
Aim: Joseph, wielding a +0 hunting sling, wearing a +0 leather armour and quivering sling bullets (lightly wounded, umbra, about 40% to evade your +0 trident)
The yak is in the way.
You hit the yak but do no damage. The yak gores you!
The yak closely misses you.
Reach: w) +0 trident
Aim: Joseph, wielding a +0 hunting sling, wearing a +0 leather armour and quivering sling bullets (lightly wounded, umbra, about 40% to evade your +0 trident)
The yak is in the way.
You puncture the yak! Your touch misses the yak. The yak gores you.
* * * LOW HITPOINT WARNING * * *
You kill the yak!
Dithmenos accepts your kill.
Joseph shoots a sling bullet.
The sling bullet hits you!
* * * LOW HITPOINT WARNING * * *
Joseph shoots a sling bullet.
The sling bullet barely misses you.
There is a stone staircase leading up, spattered with blood here.
Joseph shoots a sling bullet.
The sling bullet hits you!
* * * LOW HITPOINT WARNING * * *
You climb upwards.
There is a stone staircase leading down here.
You start resting.
You start resting.
You climb downwards.
Level annotation: Joseph
There is a stone staircase leading up, spattered with blood here.
You begin to radiate toxic energy.
Joseph is poisoned.
Joseph looks even sicker.
Joseph shoots a sling bullet.
The sling bullet closely misses you.
Your toxic radiance grows in intensity.
Joseph looks even sicker.
Joseph looks as sick as possible!
Joseph shoots a sling bullet.
The sling bullet closely misses you.
You see here a yak skeleton.
Your toxic aura wanes.
Aim: Joseph, wielding a +0 hunting sling, wearing a +0 leather armour and quivering sling bullets (moderately wounded, very poisoned, umbra, 74% to hit)
The sting misses Joseph.
Aim: Joseph, wielding a +0 hunting sling, wearing a +0 leather armour and quivering sling bullets (moderately wounded, very poisoned, umbra, 74% to hit)
The sting hits Joseph.
Joseph looks as sick as possible!
Joseph unwields a +0 hunting sling.
Joseph wields a +0 quarterstaff.
Joseph hits you but does no damage.
Aim: Joseph, wielding a +0 quarterstaff, wearing a +0 leather armour and quivering sling bullets (moderately wounded, extremely poisoned, umbra, 74% to hit)
The sting hits Joseph.
Joseph looks as sick as possible!
Joseph closely misses you.
You hit Joseph but do no damage. Joseph closely misses you.
You hit Joseph but do no damage.
You touch Joseph.
Joseph hits you with a +0 quarterstaff.
You hit Joseph. Joseph barely misses you.
You completely miss Joseph. Joseph barely misses you.
You hit Joseph but do no damage. Joseph closely misses you.
Joseph hits you with a +0 quarterstaff!
Aim: Joseph, wielding a +0 quarterstaff, wearing a +0 leather armour and quivering sling bullets (severely wounded, very poisoned, umbra, 74% to hit)
The sting hits Joseph but does no damage.
Joseph looks as sick as possible!
Joseph hits you with a +0 quarterstaff.
You hit Joseph. Your touch misses Joseph.
Joseph hits you with a +0 quarterstaff.
You hit Joseph. Joseph hits you with a +0 quarterstaff!
* * * LOW HITPOINT WARNING * * *
You hit Joseph. Joseph hits you with a +0 quarterstaff!
* * * LOW HITPOINT WARNING * * *
You hit Joseph but do no damage. Joseph hits you with a +0 quarterstaff.
* * * LOW HITPOINT WARNING * * *
Aim: Joseph, wielding a +0 quarterstaff, wearing a +0 leather armour and quivering sling bullets (almost dead, very poisoned, umbra, 74% to hit)
The sting hits Joseph but does no damage.
Joseph looks as sick as possible!
Joseph hits you with a +0 quarterstaff!
* * * LOW HITPOINT WARNING * * *
You completely miss Joseph. Your touch misses Joseph.
Joseph hits you with a +0 quarterstaff!
You die...

........# #.# #.# #.#
#######.#####.# ##'## #.. ....#
#.##....# ##...## ### ###.#
#.##.####### ##.....## # ###.#
#.#........###.......## ##
.##.###.#..#..[#.##.........####.
..>.^....[.....<............'....
.#...####......#@##.........####.
.......#......##@###.......## ##
.......##...@###.# ##Y....## #
...>..<##..#.###.# ##...##
##.[.###.........# ##.## #...#
#.###.###.######[# #.### #.# #.#
#........######### #.# #.#
#.###.#####.....[..[.. #.# #.#
#................##### ##.#
#.###..##.###......#.#


You could see Joseph (extremely poisoned).

Vanquished Creatures
  2 yaks
  2 water moccasins
  A sky beast (D:6)
  2 ice beasts (D:5)
  A black bear (D:5)
  An orc warrior (D:6)
  2 ogres (D:6)
  2 necrophages
  3 phantoms
  2 bullfrogs
  A gnoll sergeant (D:6)
  A scorpion (D:4)
  8 wights
  2 howler monkeys
  4 jellies
  2 hounds
  2 bullfrog skeletons
  2 orc priests
  A gnoll shaman (D:6)
  2 iguanas (D:5)
  An orc wizard (D:6)
  A killer bee zombie (D:7)
  A howler monkey zombie (D:6)
  7 gnolls
  A howler monkey skeleton (D:5)
  2 adders
  2 shadow imps
  2 white imps
  An ufetubus (D:4)
  4 dart slugs
  15 orcs
  7 ball pythons
  4 bats
  5 endoplasms
  4 giant cockroaches
  6 hobgoblins
  5 jackals
  3 quokkas
  4 frilled lizards
  8 goblins
  3 kobolds
  9 rats
  A butterfly (D:5)
139 creatures vanquished.

Vanquished Creatures (others)
  A bullfrog zombie (D:5)
  A jelly (D:5)
  2 orcs (D:5)
  A butterfly (D:5)
5 creatures vanquished.

Grand Total: 144 creatures vanquished

Notes
Turn   | Place    | Note
-------+----------+-------------------------------------------
     0 | D:1      | CryoSword the Demonspawn Venom Mage began the quest for the
                  | Orb.
     0 | D:1      | Reached XP level 1. HP: 13/13 MP: 3/3
   166 | D:1      | Reached skill level 1 in Transmutations
   482 | D:1      | Discovered your monstrous ancestry.
   482 | D:1      | Gained mutation: You have large cloven feet. [demonic
                  | ancestry]
   482 | D:1      | Reached XP level 2. HP: 20/20 MP: 1/5
   547 | D:1      | Found Hafes's Antique Weapon Shoppe.
  1028 | D:1      | Reached skill level 1 in Fighting
  1032 | D:1      | Gained mutation: You sometimes gain a little power by
                  | taking damage. [demonic ancestry]
  1032 | D:1      | Reached XP level 3. HP: 26/26 MP: 0/6
  1155 | D:1      | Learned a level 2 spell: Poisonous Vapours
  1159 | D:1      | Learned a level 3 spell: Mephitic Cloud
  1336 | D:1      | Found a faded altar of an unknown god.
  1961 | D:2      | Got the Volume of Freezing Illusion
  2758 | D:3      | Found a shimmering blue altar of Sif Muna.
  2760 | D:3      | Found a broken altar of Ashenzari.
  2760 | D:3      | Found an ancient bone altar of Kikubaaqudgha.
  2760 | D:3      | Found an opulent altar of Gozag.
  2765 | D:3      | Found a shadowy altar of Dithmenos.
  2765 | D:3      | Found a radiant altar of Vehumet.
  2869 | D:3      | Became a worshipper of Dithmenos the Shadowed
  3094 | D:3      | Gained mutation: You have hoof-like feet. [demonic
                  | ancestry]
  3094 | D:3      | Reached XP level 4. HP: 25/32 MP: 0/7
  3622 | D:4      | Noticed a scorpion
  3651 | D:4      | Killed a scorpion
  3652 | D:4      | Gained mutation: You sometimes gain power by taking damage.
                  | [demonic ancestry]
  3652 | D:4      | Reached XP level 5. HP: 38/38 MP: 0/8
  3867 | D:4      | Reached * piety under Dithmenos
  4075 | D:4      | Noticed a water moccasin
  4206 | D:4      | Killed a water moccasin
  4207 | D:4      | Reached skill level 1 in Air Magic
  4696 | D:4      | Found a staircase to the Ecumenical Temple.
  5007 | D:4      | Found Luqenop's Magic Scroll Shoppe.
  5014 | D:4      | Bought a scroll of fog for 24 gold pieces
  5014 | D:4      | Bought a scroll of identify for 24 gold pieces
  5014 | D:4      | Bought a scroll of teleportation for 36 gold pieces
  5014 | D:4      | Bought a scroll of noise for 12 gold pieces
  5086 | D:5      | Entered Level 5 of the Dungeon
  5236 | D:5      | Reached XP level 6. HP: 44/44 MP: 9/9
  5305 | D:5      | Noticed an ice beast
  5380 | D:5      | Found a shimmering altar of Xom.
  5592 | D:5      | Killed an ice beast
  5593 | D:5      | Reached skill level 5 in Poison Magic
  5928 | D:5      | Noticed a water moccasin
  6165 | D:5      | Gained mutation: Your touch may inflict minor irresistible
                  | damage on your foes. [demonic ancestry]
  6165 | D:5      | Reached XP level 7. HP: 40/52 MP: 5/10
  6315 | D:5      | Reached skill level 1 in Conjurations
  6324 | D:5      | HP: 2/52 [poisoned by a water moccasin]
  7206 | D:6      | Gained mutation: You have a pair of small antennae on your
                  | head. [demonic ancestry]
  7206 | D:6      | Reached XP level 8. HP: 55/60 MP: 12/12
  8032 | D:6      | Reached skill level 5 in Fighting
  8761 | D:6      | Learned a level 4 spell: Olgreb's Toxic Radiance
  9547 | D:4      | Bought a scroll of blinking for 90 gold pieces
  9910 | D:7      | Noticed Joseph
  9984 | D:6      | Reached ** piety under Dithmenos
  9985 | D:6      | Reached skill level 1 in Polearms
  9985 | D:6      | Gained mutation: Your touch may inflict irresistible damage
                  | on your foes. [demonic ancestry]
  9985 | D:6      | Reached XP level 9. HP: 5/69 MP: 7/13
 11996 | D:7      | Found Duod's Assorted Antiques.
 12005 | D:7      | Bought a bubbling emerald potion for 33 gold pieces
 12005 | D:7      | Bought a scroll labelled SEOMMILIARPH for 37 gold pieces
 12005 | D:7      | Bought a scroll labelled RUPSOPHODU for 37 gold pieces
 12696 | D:7      | HP: 1/66 [Joseph/+0 quarterstaff (10)]
 12697 | D:7      | Mangled by Joseph

Illustrated notes

Levels and vault maps discovered:
D:1:      dpeg_arrival_three_smaller_balls, layout_basic,
          dreamdust_ecumenical_altar_sealed_demon, serial_shops, shop
D:2:      layout_loops_ring
D:3:      layout_basic, grunt_temple_overflow_open, minmay_crystal_room,
          minmay_randomly_rotated_circles
D:4:      layout_layer_cave, zin_academy, tso_oasis_becter, temple_doors_e,
          serial_shops, shop_fountains
D:5:      minmay_chambers_of_threes, layout_cave_pools, xom_butterflies,
          minivault_25, lemuel_flamethrower_2
D:6:      layout_loops_ring, serial_rivers, chequers_serial_rivers_marsh,
          chequers_serial_rivers_large_b, chequers_serial_rivers_room_b,
          chequers_serial_rivers_room_b, kennysheep_generic_room_4
D:7:      layout_loops_corners, enter_bailey_6, serial_shops,
          nicolae_shop_competitors_out_of_business, uniq_joseph

Skill      XL: |  1  2  3  4  5  6  7  8  9 |
---------------+----------------------------+-----
Transmutations | 1 2 3 |  3.0
Dodging        | 2 3 |  3.4
Fighting       | 1 2 3 4 6 |  6.8
Stealth        | 2 3 4 |  4.7
Poison Magic   | 4 5 6 |  6.7
Air Magic      | 1 2 3 |  3.0
Conjurations   | 2 3 |  3.0
Spellcasting   | 3 |  3.0
Polearms       | 1 2 |  2.9

Action                   |  1- 3 |  4- 6 |  7- 9 || total
-------------------------+-------+-------+-------++-------
Melee: Dagger            |    25 |    90 |    64 ||   179
       Short sword       |    13 |       |       ||    13
       Kick              |     4 |     4 |       ||     8
       Punch             |     1 |     1 |     4 ||     6
       Falchion          |       |       |   101 ||   101
       Touch             |       |       |    72 ||    72
       Trident           |       |       |    77 ||    77
       Unarmed           |       |       |     1 ||     1
       Spear             |       |       |    75 ||    75
Throw: Throwing net      |       |     1 |       ||     1
       Dart              |       |     2 |     2 ||     4
 Cast: Sting             |    85 |    33 |    54 ||   172
       Poisonous Vapours |       |    12 |    14 ||    26
       Olgreb's Toxic Ra |       |       |    11 ||    11
  Use: Scroll            |       |     5 |       ||     5
       Potion            |       |     3 |     3 ||     6
 Stab: Sleeping          |       |       |     1 ||     1
       Distracted        |       |       |     1 ||     1
Armor: Robe              |    12 |     2 |       ||    14
       Leather armour    |       |    40 |    28 ||    68
       Scale mail        |       |       |    33 ||    33
       Ring mail         |       |       |    30 ||    30
Dodge: Dodged            |    49 |   110 |   197 ||   356
